 Dungeon Crawl Stone Soup version 0.21-a0-426-g98080a9 (webtiles) character file.

247 mastercheaf21 the Cudgeler (level 5, -10/48 HPs)
             Began as a Minotaur Berserker on Nov 6, 2017.
             Was a Priest of Trog.
             Mangled by an ogre
             ... wielding a +0 giant club
              (11 damage)
             ... on level 4 of the Dungeon.
             The game lasted 00:11:55 (3178 turns).

mastercheaf21 the Cudgeler (Minotaur Berserker)     Turns: 3178, Time: 00:11:56

Health: -10/48     AC: 11    Str: 23    XL:     5   Next: 85%
Magic:  4/4        EV:  8    Int:  4    God:    Trog [***...]
Gold:   101        SH:  0    Dex:  9    Spells: 4/4 levels left

rFire    . . .     SeeInvis .   p - +0 flail
rCold    . . .     Gourm    .   (no shield)
rNeg     . . .     Faith    .   j - +0 chain mail
rPois    .         Spirit   .   e - +2 hat
rElec    .         Reflect  .   (no cloak)
rCorr    .         Harm     .   (no gloves)
MR       .....                  s - +0 pair of boots
Stlth    ..........             (no amulet)
HPRegen  0.16/turn              (no ring)
MPRegen  0.09/turn              (no ring)

@: lethally poisoned (-10 -> -15)
A: retaliatory headbutt, horns 2
a: Berserk, Trog's Hand, Burn Spellbooks, Renounce Religion


You were on level 4 of the Dungeon.
You worshipped Trog.
Trog was most pleased with you.
You were not hungry.

You visited 1 branch of the dungeon, and saw 4 of its levels.

You collected 101 gold pieces.

Inventory:

Hand Weapons
 h - a cursed +0 halberd
 p - a +0 flail (weapon)
Armour
 e - a +2 hat (worn)
 j - a +0 chain mail (worn)
 s - a +0 pair of boots (worn)
 u - a +0 buckler
Scrolls
 d - 2 scrolls of enchant weapon {unknown}
 g - 5 scrolls of identify {unknown}
 i - a scroll of amnesia {unknown}
 k - a scroll of magic mapping {unknown}
 q - a scroll of recharging {unknown}
Potions
 a - a potion of brilliance {unknown}
 b - a potion of mutation {unknown}
 l - a potion of lignification {unknown}
 m - a potion of degeneration {unknown}
 n - a potion of haste {unknown}
 o - 2 potions of invisibility {unknown}
Comestibles
 c - 6 bread rations
 f - 3 fruits
 r - 3 royal jellies
 t - a chunk of flesh


   Skills:
 + Level 5.5 Fighting
 + Level 6.7 Maces & Flails
 - Level 2.4 Armour
 - Level 2.1 Dodging
 + Level 0.5 Stealth


You had 4 spell levels left.
You didn't know any spells.

Dungeon Overview and Level Annotations

Branches:
Dungeon (4/15)
 Temple: D:4-7

Altars:
Fedhas
Hepliaklqana
Kikubaaqudgha
Makhleb
Qazlal
Ru
Uskayaw


Innate Abilities, Weirdness & Mutations

You reflexively headbutt those who attack you in melee.
You have a pair of horns on your head.


Message History

The worker ant is heavily wounded.
The worker ant barely misses you. The ogre hits you with a giant club.
You hit the worker ant but do no damage.
The worker ant is heavily wounded.
The worker ant bites you.
You are poisoned.
The worker ant poisons you!
You sock the worker ant!
You kill the worker ant!
Trog accepts your kill.
You feel sick. The ogre hits you with a giant club.
You feel sick. The ogre hits you with a giant club!!
Ouch! That really hurt!
* * * LOW HITPOINT WARNING * * *
You see here a worker ant corpse.
* * * LOW HITPOINT WARNING * * *
You feel sick. The ogre hits you with a giant club.
* * * LOW HITPOINT WARNING * * *
The ogre hits you with a giant club!
You die...

.≈§......................
.≈..≈≈≈§..#####.####...#.
≈§§≈≈≈≈≈≈.# ##.[.#######.
§≈§≈≈≈≈≈≈.# #.....# #.
≈≈§.8≈§...# ##.>.## #.
≈≈≈_>≈≈§§.# ##.## ##
.§≈≈≈≈≈...# #.#
§≈§≈§§§†O.# #.#
...≈≈§§.@.# #+#
≈..§§§..≈..# ...§§......#
.......###... .#.#...
#.... ....... .....
.#..... .... ##.#.. ....


You could see an ogre.

Vanquished Creatures
  A howler monkey (D:4)
  Natasha (twice) (D:3)
  A worker ant (D:4)
  A gnoll (D:1)
  3 adders
  An ooze (D:1)
  3 worms (D:3)
  5 orcs (D:3)
  5 bats
  4 giant cockroaches
  8 goblins
  6 hobgoblins
  7 jackals (D:1)
  2 quokkas (D:3)
  A ball python (D:1)
  3 frilled lizards
  18 kobolds
  8 rats
79 creatures vanquished.

Notes
Turn   | Place    | Note
-------+----------+-------------------------------------------
     0 | D:1      | mastercheaf21 the Minotaur Berserker began the quest for the Orb.
     0 | D:1      | Reached XP level 1. HP: 19/19 MP: 0/0
   315 | D:1      | Reached XP level 2. HP: 25/27 MP: 1/1
   326 | D:1      | Reached skill level 4 in Maces & Flails
   501 | D:1      | Reached XP level 3. HP: 17/34 MP: 2/2
   519 | D:1      | Reached ** piety under Trog
  1088 | D:1      | You fall through a shaft!
  1380 | D:2      | Reached skill level 5 in Maces & Flails
  1480 | D:2      | Reached XP level 4. HP: 39/41 MP: 3/3
  1735 | D:2      | Found a burning altar of Makhleb.
  1735 | D:2      | Noticed a green death
  1739 | D:2      | Noticed an orange demon
  1739 | D:2      | Noticed an orange demon
  2238 | D:3      | Reached skill level 5 in Fighting
  2367 | D:3      | Noticed Natasha
  2373 | D:3      | Killed Natasha
  2373 | D:3      | Reached XP level 5. HP: 28/48 MP: 4/4
  2408 | D:3      | Found an ancient bone altar of Kikubaaqudgha.
  2487 | D:3      | Found a sacrificial altar of Ru.
  2487 | D:3      | Found a faded altar of an unknown god.
  2492 | D:3      | Found a hazy altar of Hepliaklqana.
  2497 | D:3      | Found a blossoming altar of Fedhas.
  2499 | D:3      | Found a hide-covered altar of Uskayaw.
  2818 | D:3      | Noticed Natasha
  2824 | D:3      | Killed Natasha
  2824 | D:3      | Reached skill level 6 in Maces & Flails
  2994 | D:3      | Reached *** piety under Trog
  3154 | D:4      | Found a stormy altar of Qazlal.
  3165 | D:4      | Noticed an ogre
  3177 | D:4      | HP: 1/48 [ogre/giant club (3)]
  3178 | D:4      | Mangled by an ogre

Vault maps used:
D:1:      minmay_arrival_jagged
D:2:      makhleb_altar_promises_db
D:3:      kiku_gazebo_garden_becter, chequers_temple_overflow_minitemple,
          cheibrodos_sewer_entry_bend, uniq_natasha
D:4:      zin_treasury, nicolae_qazlal_general_emergency,
          minmay_temple_entry_junction, first_bread, kennysheep_orc_chapel

Skill      XL: |  1  2  3  4  5 |
---------------+----------------+-----
Fighting       | 4 5 |  5.5
Maces & Flails | 4 5 6 |  6.7
Armour         | |  2.4
Dodging        | |  2.1
Stealth        | |  0.5

Action                   |  1- 3 |  4- 6 || total
-------------------------+-------+-------++-------
Melee: Mace              |    85 |    24 ||   109
       Headbutt          |    14 |    19 ||    33
       Flail             |       |    66 ||    66
  Eat: Chunk             |     1 |     5 ||     6
       Fruit             |     1 |       ||     1
Armor: Scale mail        |    41 |       ||    41
       Chain mail        |     3 |    61 ||    64
Dodge: Dodged            |    69 |    51 ||   120

Table legend:
 A = Spawn XP
 B = Non-spawn XP
 C = Spawn XP percentage of total XP
 D = Spawn monster count
 E = Non-spawn monster count
 F = Spawn count percentage of total count
 G = Total turns spent on level
                    A         B        C        D         E        F      G
               +---------+---------+-------+---------+---------+-------+---------
         Total |       0 |     353 |   0.0 |       0 |      79 |   0.0 |  3178
               +---------+---------+-------+---------+---------+-------+---------
           D:1 |       0 |      74 |   0.0 |       0 |      35 |   0.0 |  1088
           D:2 |       0 |      44 |   0.0 |       0 |      13 |   0.0 |  1058
           D:3 |       0 |     144 |   0.0 |       0 |      29 |   0.0 |   949
           D:4 |       0 |      91 |   0.0 |       0 |       2 |   0.0 |    83
               +---------+---------+-------+---------+---------+-------+---------
